 Dungeon Crawl Stone Soup version 0.29.1-debian-1-gc3f1650bb9 (webtiles) character file.

Game seed: 1815925229859803287

216 IdlyInterested the Conjurer (level 5, -3/37 HPs)
             Began as a Demonspawn Wanderer on Sept 12, 2022.
             Slain by an ogre
             ... wielding a +0 giant club
              (17 damage)
             ... on level 4 of the Dungeon.
             The game lasted 00:10:16 (3828 turns).

IdlyInterested the Conjurer (Demonspawn Wanderer)   Turns: 3828, Time: 00:10:17

Health: -3/37      AC:  9    Str: 11    XL:     5   Next: 61%
Magic:  3/8        EV: 10    Int: 18    God:
Gold:   147        SH:  0    Dex: 12    Spells: 7/8 levels left

rFire   . . .      SeeInvis .   a - +2 hand axe
rCold   . . .      Faith    .   (no shield)
rNeg    . . .      Spirit   .   t - +0 ring mail {rF+}
rPois   +          Reflect  .   l - +0 helmet
rElec   .          Harm     .   (no cloak)
rCorr   +          Rampage  .   (no gloves)
Will    +....                   (no boots)
Stlth   +.........              (no amulet)
HPRegen 0.12/turn               q - ring "Sefeedd" {Fly rPois rF- rCorr Int-5}
MPRegen 0.11/turn               e - +6 ring of intelligence

@: flying, very slightly contaminated, unable to read
A: thin metallic scales 2, foul stench 1, demonic touch 1, strong-willed 1,
subdued magic 1, inability to read after injury 1
a: no special abilities


You were on level 4 of the Dungeon.
You visited 1 branch of the dungeon, and saw 4 of its levels.

You collected 147 gold pieces.

Inventory:

Hand Weapons
 a - a +2 hand axe (weapon)
 p - a +0 dagger of speed
Armour
 d - a +0 robe
 l - a +0 helmet (worn)
 t - a +0 ring mail of fire resistance (worn)
Jewellery
 e - a +6 ring of intelligence (right hand)
 i - a ring of ice
 q - the ring "Sefeedd" (left hand) {Fly rPois rF- rCorr Int-5}
   (You found it on level 2 of the Dungeon)

   [ring of resist corrosion]

   Int:       It affects your intelligence (-5).
   rF:        It makes you vulnerable to fire.
   rPois:     It protects you from poison.
   Fly:       It grants you flight.
   rCorr:     It protects you from acid and corrosion.
Scrolls
 c - 2 scrolls of fear
 f - 2 scrolls of blinking {unknown}
 g - 3 scrolls of immolation
Potions
 h - a potion of heal wounds
 j - a potion of ambrosia {unknown}
 k - a potion of invisibility {unknown}
 m - a potion of berserk rage {unknown}
 r - 2 potions of might {unknown}
 s - a potion of mutation
 v - a potion of curing {unknown}
Miscellaneous
 b - a piece from Xom's chessboard (15/15)


   Skills:
 + Level 1.2 Fighting
 - Level 2.0 Axes
 - Level 1.0 Throwing
 * Level 2.5 Dodging
 + Level 2.0 Unarmed Combat
 - Level 2.0 Spellcasting
 * Level 3.6 Conjurations
 + Level 2.7 Evocations


You had 7 spell levels left.
You knew the following spells:

 Your Spells              Type           Power      Damage    Failure   Level
a - Magic Dart            Conj           44%        1d5       8%          1

Your spell library contained the following spells:

 Spells                   Type           Power      Damage    Failure   Level
 Stone Arrow              Conj/Erth      12%        3d7       47%         3


Dungeon Overview and Level Annotations

Branches:
Dungeon (4/15)
 Temple: D:4-7

Altars:
Xom


Innate Abilities, Weirdness & Mutations

You are mostly covered in thin metallic scales. (AC +3)
You may rarely emit foul miasma when damaged in melee.
Your touch may inflict minor irresistible damage on your foes.
You are strong-willed. (Will+)
Your spells are a little easier to cast, but a little less powerful.
You occasionally lose the ability to read scrolls when taking damage.


Message History

The ogre shouts!
Okay, then.
Aiming: Magic Dart (safe; 8% risk of failure)
Press: ? - help, Q - select action, (/) - cycle Shift-Dir - straight line, f - ogre
Aim: an ogre, wielding a +0 giant club (100% to hit)
You miscast Magic Dart.
You are very lightly contaminated with residual magic.
Nothing appears to happen.
Aiming: Magic Dart (safe; 8% risk of failure)
Press: ? - help, Q - select action, (/) - cycle Shift-Dir - straight line, f/p - ogre
Aim: an ogre, wielding a +0 giant club (100% to hit)
The magic dart hits the ogre.
The ogre is lightly wounded.
Unknown command.
Aiming: Magic Dart (safe; 8% risk of failure)
Press: ? - help, Q - select action, (/) - cycle Shift-Dir - straight line, f/p - ogre
Aim: an ogre, wielding a +0 giant club (lightly wounded, 100% to hit)
The magic dart hits the ogre.
The ogre is lightly wounded.
Unknown command.
Aiming: Magic Dart (safe; 8% risk of failure)
Press: ? - help, Q - select action, (/) - cycle Shift-Dir - straight line, f/p - ogre
Aim: an ogre, wielding a +0 giant club (lightly wounded, 100% to hit)
The magic dart hits the ogre.
The ogre is moderately wounded.
Unknown command.
Aiming: Magic Dart (safe; 8% risk of failure)
Press: ? - help, Q - select action, (/) - cycle Shift-Dir - straight line, f/p - ogre
Aim: an ogre, wielding a +0 giant club (moderately wounded, 100% to hit)
The magic dart hits the ogre.
The ogre is heavily wounded.
You slash the ogre!
The ogre is severely wounded.
The ogre hits you with a +0 giant club!!
You completely miss the ogre.
The ogre is severely wounded.
An orc comes into view. It is wielding a +0 club.
The ogre hits you with a +0 giant club!
You feel threatened and lose the ability to read scrolls!
You die...

# #.o#####.###..
#.....<.......
##.####†.####.
#.## ..# ... #..#
##### #.# .....
#...####O#.......
#.......@......###
#..<####.#.##...
.......## #.# #
####### #.# #..
###


You could see an ogre and an orc (wandering).

Vanquished Creatures
  A scorpion (D:4)
  Robin (D:2)
  4 gnolls (D:3)
  4 adders
  A dart slug (D:2)
  An orc (D:3)
  3 bats (D:1)
  3 endoplasms
  3 giant cockroaches
  7 goblins
  11 hobgoblins
  9 jackals
  2 quokkas (D:1)
  5 ball pythons
  2 frilled lizards
  4 kobolds
  5 rats
  A butterfly (D:3)
67 creatures vanquished.

Notes
Turn   | Place    | Note
-------+----------+-------------------------------------------
     0 | D:1      | IdlyInterested the Demonspawn Wanderer began the quest for
                  | the Orb.
     0 | D:1      | IdlyInterested set off with the following items: a +2 hand
                  | axe, a piece from Xom's chessboard (15/15), a scroll of
                  | fear, a +0 robe; and the following spell memorised: Magic
                  | Dart; and the following spells available to memorise: Stone
                  | Arrow.
     0 | D:1      | Reached XP level 1. HP: 13/13 MP: 2/2
   209 | D:1      | Gained mutation: Your touch may inflict minor irresistible
                  | damage on your foes. [demonic ancestry]
   209 | D:1      | Reached XP level 2. HP: 15/19 MP: 1/3
   760 | D:1      | Gained mutation: You are partially covered in thin metallic
                  | scales. (AC +2) [demonic ancestry]
   760 | D:1      | Reached XP level 3. HP: 21/24 MP: 5/5
  1103 | D:2      | Reached skill level 1 in Unarmed Combat
  1528 | D:2      | Gained mutation: You are mostly covered in thin metallic
                  | scales. (AC +3) [demonic ancestry]
  1528 | D:2      | Reached XP level 4. HP: 30/30 MP: 5/7
  1638 | D:2      | Identified the ring "Sefeedd" {Fly rPois rF- rCorr Int-5}
  2015 | D:2      | Noticed Robin
  2025 | D:2      | Killed Robin
  2392 | D:2      | Reached skill level 3 in Conjurations
  2841 | D:3      | Gained mutation: You are strong-willed. (Will+) [potion of
                  | mutation]
  2841 | D:3      | Gained mutation: Your spells are a little easier to cast,
                  | but a little less powerful. [potion of mutation]
  2841 | D:3      | Gained mutation: You occasionally lose the ability to read
                  | scrolls when taking damage. [potion of mutation]
  3117 | D:3      | Found a shimmering altar of Xom.
  3217 | D:3      | Gained mutation: You may rarely emit foul miasma when
                  | damaged in melee. [demonic ancestry]
  3217 | D:3      | Reached XP level 5. HP: 2/36 MP: 8/8
  3792 | D:4      | Reached skill level 1 in Fighting
  3820 | D:4      | Noticed an ogre
  3828 | D:4      | Slain by an ogre

Illustrated notes

Levels and vault maps discovered:
D:1:      reono_arrival_forest_river, layout_basic
D:2:      layout_basic, uniq_robin
D:3:      layout_loops_ring, xom_butterflies
D:4:      layout_loops_ring, lightli_temple_of_fire, mainiacjoe_overflow_swirl,
          minmay_hollow_rounded_squares

Skill      XL: |  1  2  3  4  5 |
---------------+----------------+-----
Axes           | 2 |  2.0
Dodging        | 2 |  2.5
Unarmed Combat | 1 2 |  2.0
Spellcasting   | 2 |  2.0
Conjurations   | 3 |  3.6
Fighting       | 1 |  1.2
Throwing       | |  1.0
Evocations     | |  2.7

Action                   |  1- 3 |  4- 6 || total
-------------------------+-------+-------++-------
Melee: Hand axe          |    75 |    81 ||   156
       Punch             |     3 |       ||     3
       Touch             |     3 |     9 ||    12
 Cast: Magic Dart        |    14 |     7 ||    21
  Use: Scroll            |       |     6 ||     6
       Potion            |       |     2 ||     2
 Stab: Sleeping          |     1 |     1 ||     2
Armor: Robe              |    18 |     2 ||    20
       Ring mail         |       |    44 ||    44
Dodge: Dodged            |    55 |    47 ||   102
